Map: [ESL] Oceanborn

Players

Creator

  • Race: Protoss Protoss
  • Spawn Location: 5:00

Kelazhur - Winner!

  • Race: Terran Terran
  • Spawn Location: 11:00

Event: ESL SC2 Masters 2023 Winter (Finals)

VOD

Have the link to the VOD?

Description

Time

  • Played on: Dec. 16, 2023, 9:59 a.m.
  • Length: 17:15

All games in this series

Show
View Real Time Build Order
Export as new Build Order

Creator Protoss 

Build Orders: 1 Gate Expand, Blink Stalkers 

Get SALT Encoding   

  12  0:00  Probe  
  13  0:12  Probe  
  14  0:16  Pylon  
  14  0:24  Probe (Chrono Boost)  
  15  0:36  Probe (Chrono Boost)  
  15  0:37  Gateway  
  16  0:43  Probe (Chrono Boost)  
  16  0:45  Assimilator  
  17  0:51  Probe  
  18  1:03  Probe  
  19  1:15  Probe  
  20  1:25  Cybernetics Core  
  20  1:34  Nexus  
  20  1:40  Pylon  
  20  1:43  Probe  
  21  1:48  Assimilator  
  21  1:55  Probe  
  21  1:59  Adept (Chrono Boost)  
  22  2:02  Warp Gate  
  22  2:07  Probe  
  24  2:19  Probe, Adept (Chrono Boost)  
  27  2:28  Twilight Council  
  27  2:31  Probe  
  28  2:41  Stalker  
  31  2:46  Probe (Chrono Boost)  
  31  2:47  Probe (Chrono Boost)  
  32  2:56  Probe (Chrono Boost)  
  34  2:58  Probe (Chrono Boost)  
  34  2:59  Blink (Chrono Boost)  
  34  3:01  Probe (Chrono Boost)  
  34  3:04  Shield Battery  
  35  3:15  Gateway  
  35  3:19  Gateway  
  35  3:24  Probe x2  
  37  3:33  Robotics Facility  
  37  3:36  Probe x2  
  39  3:41  Pylon  
  39  3:48  Probe x2  
  40  3:50  Stalker  
  40  3:55  Pylon  
  43  4:00  Probe x2  
  45  4:06  Pylon  
  45  4:10  Stalker  
  45  4:12  Probe  
  45  4:14  Stalker  
  50  4:17  Stalker  
  50  4:22  Observer (Chrono Boost)  
  53  4:26  Probe  
  53  4:27  Probe  
  53  4:40  Warp Prism (Chrono Boost)  
  53  4:45  Nexus  
  55  4:46  Probe x2  
  55  4:51  Stalker  
  59  4:55  Pylon  
  59  4:59  Probe x2  
  61  5:03  Stalker  
  61  5:04  Stalker  
  65  5:17  Probe x2  
  65  5:19  Charge (Chrono Boost)  
  67  5:22  Assimilator  
  67  5:29  Probe x2  
  69  5:40  Gateway  
  69  5:41  Probe x2  
  69  5:42  Gateway  
  71  5:48  Shield Battery  
  71  5:52  Sentry, Gateway, Immortal (Chrono Boost)  
  71  5:53  Probe  
  71  5:54  Pylon  
  71  5:56  Probe  
  77  6:05  Probe x2  
  77  6:08  Probe  
  77  6:09  Gateway  
  77  6:10  Gateway  
  80  6:12  Sentry  
  80  6:13  Sentry  
  80  6:17  Assimilator  
  84  6:20  Immortal (Chrono Boost), Probe x2  
  84  6:21  Probe  
  91  6:27  Shield Battery  
  91  6:29  Stalker  
  91  6:30  Pylon  
  93  6:35  Probe x2  
  93  6:36  Probe  
  96  6:40  Zealot, Stalker  
  96  6:44  Pylon  
  96  6:45  Pylon  
  96  6:47  Observer  
  100  6:49  Pylon  
  100  6:56  Zealot x4  
  108  7:02  Pylon  
  108  7:03  Zealot x2, Pylon  
  112  7:12  Sentry, Stalker  
  113  7:25  Zealot  
  113  7:26  Zealot x5  
  115  7:31  Immortal  
  115  7:36  Stalker x2  
  113  7:46  Probe x3  
  113  7:51  Zealot x5  
  122  8:00  Forge  
  122  8:02  Robotics Bay  
  122  8:03  Robotics Facility  
  120  8:07  Probe x3  
  123  8:13  Nexus  
  123  8:18  Sentry, Stalker  
  127  8:25  Pylon  
  127  8:29  Observer (Chrono Boost)  
  127  8:31  Protoss Ground Weapons Level 1 (Chrono Boost), Probe x3  
  129  8:34  Photon Cannon  
  129  8:36  Shield Battery  
  129  8:40  Zealot, Stalker  
  132  8:43  Probe  
  132  8:44  Photon Cannon  
  133  8:54  Colossus (Chrono Boost)  
  139  8:56  Pylon  
  137  9:05  Colossus (Chrono Boost), Probe x3  
  144  9:18  Pylon  
  144  9:19  Zealot x6  
  156  9:24  Stalker  
  156  9:25  Shield Battery  
  156  9:29  Photon Cannon  
  158  9:34  Colossus (Chrono Boost)  
  164  9:42  Photon Cannon, Stalker  
  166  9:54  Stalker x3  
  166  9:55  Photon Cannon  
  164  10:10  Assimilator  
  164  10:12  Assimilator, Forge  
  164  10:13  Gateway  
  168  10:15  Immortal (Chrono Boost)  
  168  10:16  Gateway  
  168  10:21  Disruptor (Chrono Boost)  
  172  10:29  Protoss Ground Armor Level 1 (Chrono Boost)  
  172  10:33  Zealot x4  
  180  10:40  Gateway  
  178  10:50  Protoss Ground Weapons Level 2 (Chrono Boost), Assimilator  
  178  10:52  Pylon  
  178  10:55  Pylon  
  178  10:56  Extended Thermal Lance (Chrono Boost)  
  174  10:57  Disruptor (Chrono Boost)  
  174  11:02  Zealot x2  
  174  11:04  Nexus  
  178  11:05  Pylon  
  178  11:10  Disruptor (Chrono Boost)  
  175  11:29  Photon Cannon, Shield Battery  
  175  11:30  Disruptor (Chrono Boost)  
  171  11:39  Robotics Facility  
  159  11:41  Immortal (Chrono Boost)  
  159  11:43  Probe x4  
  159  11:44  Zealot x3  
  173  11:50  Stalker x2  
  175  11:55  Probe  
  175  11:57  Zealot x3  
  175  11:58  Warp Prism  
  178  12:11  Stalker x4  
  184  12:16  Disruptor  
  184  12:21  Gravitic Drive  
  186  12:25  Zealot x3  
  186  12:26  Zealot x2  
  188  12:34  Disruptor  
  184  12:39  Templar Archives  
  174  12:52  Immortal  
  170  13:04  Stalker x5  
  165  13:15  Zealot x5  
  165  13:25  Disruptor (Chrono Boost)  
  123  13:38  Colossus (Chrono Boost)  
  111  13:44  Sentry  
  111  13:46  Disruptor (Chrono Boost)  
  113  13:51  Shield Battery  
  113  13:52  Zealot  
  113  13:53  Zealot x3  
  119  14:04  High Templar x2  
  119  14:05  Zealot x4  
  129  14:11  Archon  
  129  14:16  Colossus (Chrono Boost)  
  119  14:19  Warp Prism (Chrono Boost)  
  119  14:23  Zealot x2  
  119  14:29  Stalker  
  117  14:35  Sentry, Zealot  
  115  14:38  Stalker  
  115  14:39  Stalker  
  119  14:46  Observer  
  119  14:52  Zealot x4  
  128  14:58  Zealot x2  
  132  15:01  Stalker  
  132  15:04  Zealot  
  136  15:12  Zealot x3  
  142  15:21  Zealot x3  
  134  15:35  High Templar  
  134  15:36  High Templar, Zealot x2  
  134  15:38  Stalker  
  134  15:40  Pylon  
  134  15:41  Archon  
  144  15:45  Stalker  
  144  15:46  Zealot  
  144  15:47  Observer  
  144  16:04  Disruptor x2  
  144  16:10  Stalker x3  
  156  16:20  Zealot  
  156  16:23  Pylon  
  157  16:28  Zealot x4  
  157  16:31  Zealot  
  121  16:36  Stalker  
  89  16:42  Stalker x2  
  89  16:52  Observer (Chrono Boost)  
  90  16:55  Stalker x3  
  96  17:06  Zealot x4  
Show
View Real Time Build Order
Export as new Build Order

Kelazhur Terran - Winner!

Build Orders: 1/1/1 

Get SALT Encoding   

  12  0:00  SCV  
  13  0:12  SCV  
  14  0:17  Supply Depot  
  14  0:24  SCV  
  15  0:38  SCV  
  15  0:39  Barracks  
  16  0:43  Refinery  
  16  0:50  SCV  
  16  0:52  Refinery  
  17  1:02  SCV  
  18  1:15  SCV  
  19  1:27  Orbital Command, Supply Depot, Reaper  
  20  1:41  Factory  
  20  1:52  SCV  
  21  2:03  Barracks Reactor  
  21  2:04  SCV  
  22  2:15  Command Center  
  22  2:17  SCV  
  23  2:28  Starport  
  23  2:30  SCV  
  24  2:38  Widow Mine  
  24  2:40  Marine x2  
  24  2:42  SCV  
  29  2:47  Supply Depot  
  29  2:54  SCV  
  30  3:00  Marine  
  31  3:09  Medivac, Marine, SCV  
  31  3:11  Cyclone  
  37  3:18  Marine  
  38  3:21  SCV  
  38  3:27  Orbital Command, Marine  
  40  3:35  SCV  
  40  3:36  Marine  
  42  3:44  Marine  
  42  3:47  Orbital Command  
  43  3:50  Factory Tech Lab  
  43  3:51  Starport Tech Lab  
  43  3:54  Marine, SCV  
  45  3:59  Supply Depot  
  45  4:02  Marine  
  45  4:07  SCV  
  50  4:10  Siege Tank  
  50  4:11  Raven  
  50  4:15  Marine  
  50  4:16  SCV  
  54  4:20  SCV  
  55  4:28  SCV  
  56  4:33  Marine  
  56  4:34  SCV, Marine  
  56  4:37  Barracks  
  59  4:38  Barracks  
  59  4:40  Supply Depot  
  59  4:43  Bunker  
  59  4:48  Siege Tank  
  62  5:02  SCV x2, Marine x2  
  62  5:03  Supply Depot  
  69  5:14  SCV  
  69  5:20  Refinery  
  70  5:24  Marine x2  
  70  5:25  Siege Tank, SCV  
  70  5:26  SCV  
  70  5:28  Barracks Tech Lab  
  74  5:36  Supply Depot  
  74  5:37  SCV, Engineering Bay  
  74  5:38  SCV  
  74  5:39  Starport Reactor  
  78  5:43  Stimpack, Marauder  
  78  5:46  Refinery  
  78  5:48  Supply Depot  
  78  5:54  Combat Shield  
  78  5:57  Marine x2  
  78  5:58  Marauder, SCV x2  
  81  6:07  Marauder  
  81  6:10  SCV x2  
  85  6:11  Terran Infantry Weapons Level 1  
  85  6:14  Supply Depot  
  85  6:16  Marine x2  
  87  6:20  Marine  
  87  6:21  Medivac  
  87  6:22  SCV  
  91  6:27  Command Center, SCV  
  91  6:28  Marine  
  91  6:31  Supply Depot  
  93  6:38  Medivac  
  95  6:44  Supply Depot  
  95  6:45  Marauder, Marine x2  
  95  6:47  Marauder  
  101  6:48  SCV  
  101  6:53  SCV  
  101  6:54  Medivac  
  105  6:56  Factory Reactor  
  105  7:00  SCV  
  106  7:07  SCV  
  106  7:08  Barracks x2  
  107  7:12  Supply Depot, SCV  
  107  7:15  Marauder  
  110  7:19  Marauder, SCV  
  112  7:24  SCV  
  106  7:30  Marine x2  
  106  7:31  SCV  
  106  7:33  Concussive Shells  
  106  7:34  Widow Mine x2  
  106  7:36  Marauder  
  115  7:40  SCV, Marauder  
  107  7:45  SCV  
  95  7:52  SCV  
  95  7:53  Marine x2  
  95  7:54  Orbital Command  
  95  7:57  Marauder  
  98  8:00  Marauder  
  98  8:02  Marauder  
  101  8:06  Barracks Reactor  
  101  8:07  SCV, Widow Mine x2  
  101  8:12  Marine x2  
  108  8:13  SCV  
  108  8:19  SCV  
  110  8:25  Orbital Command  
  110  8:26  SCV  
  111  8:28  Widow Mine x2  
  111  8:30  Marauder  
  111  8:31  SCV, Supply Depot  
  118  8:35  Marauder  
  118  8:40  Marine x2  
  122  8:42  Terran Infantry Armor Level 1  
  122  8:45  SCV x2  
  122  8:46  Armory  
  124  8:50  Widow Mine x2  
  124  8:51  SCV  
  129  8:58  Marauder x2  
  133  9:04  Marauder, Marine, SCV  
  133  9:05  SCV  
  133  9:06  SCV  
  133  9:09  Viking  
  137  9:15  Marine x2  
  139  9:18  SCV  
  139  9:19  Marauder  
  139  9:21  Marauder  
  144  9:26  SCV  
  145  9:31  Marine x2  
  145  9:32  Marauder  
  145  9:37  Supply Depot x2  
  149  9:48  Supply Depot  
  149  9:53  Marine  
  149  9:58  SCV x2, Medivac x2  
  149  9:59  Marauder x2  
  159  10:01  Marauder  
  159  10:03  SCV  
  159  10:05  Marine x3  
  160  10:09  Ghost Academy  
  160  10:10  SCV x2  
  160  10:12  Marine, Widow Mine x2  
  167  10:15  Supply Depot, SCV  
  167  10:18  Supply Depot  
  167  10:21  Missile Turret  
  162  10:23  SCV x2  
  162  10:27  Marine  
  162  10:28  Marauder x3, Marine x2  
  173  10:30  Refinery  
  173  10:36  Terran Infantry Weapons Level 2  
  173  10:37  Viking, Medivac  
  177  10:43  Missile Turret  
  177  10:44  Command Center  
  177  10:48  Ghost x2  
  172  10:59  Ghost, Marine  
  172  11:00  Marine  
  173  11:19  SCV  
  173  11:20  SCV  
  173  11:25  Ghost x2  
  173  11:26  Marine x4  
  180  11:33  Ghost  
  180  11:35  Missile Turret, SCV x3  
  180  11:38  Viking x2, Refinery  
  189  11:50  Sensor Tower  
  189  11:56  Marine x4  
  189  11:57  Ghost  
  189  11:58  Marine  
  194  12:02  Marine  
  193  12:12  Viking x2  
  193  12:14  Marine x4  
  199  12:21  Marine  
  199  12:27  Marauder  
  193  12:31  Marine x3  
  193  12:32  Marine, Marauder  
  193  12:33  Widow Mine x2  
  193  12:36  SCV  
  194  12:37  SCV  
  194  12:38  SCV  
  194  12:40  Marauder  
  194  12:42  Viking x2  
  200  12:49  SCV x2, Marauder  
  199  12:53  Marauder  
  199  12:56  SCV  
  196  13:00  Marine  
  196  13:01  Marauder  
  196  13:03  SCV  
  198  13:10  Marauder  
  184  13:20  Marauder  
  184  13:22  Marauder, Marine x3  
  172  13:30  Marine  
  172  13:32  Marauder  
  153  13:39  Marine  
  153  13:41  Marine x2  
  152  13:42  SCV  
  152  13:46  Medivac  
  155  13:48  Medivac  
  155  13:54  Marauder, Marine x2  
  159  13:57  SCV  
  159  14:02  Marauder  
  162  14:12  Marauder  
  162  14:16  Marauder  
  161  14:20  Marine  
  161  14:21  Widow Mine  
  161  14:22  Marine x3  
  161  14:23  SCV  
  161  14:24  Marauder, SCV  
  165  14:30  Viking  
  165  14:34  Marauder  
  165  14:36  Marine  
  153  14:38  Marine  
  153  14:41  SCV x2  
  153  14:45  Marauder  
  156  14:46  Marine  
  156  14:51  SCV  
  156  14:52  Orbital Command  
  155  14:55  Marauder x2  
  155  14:59  Marine  
  158  15:01  SCV x2  
  158  15:03  SCV  
  158  15:06  Marauder  
  163  15:07  Viking  
  163  15:10  Viking  
  166  15:19  Ghost x2  
  168  15:33  Marine x3  
  171  15:35  Widow Mine x2  
  171  15:37  Viking  
  171  15:39  Viking  
  175  15:52  Marauder  
  175  15:53  Marauder, Marine x2  
  181  16:00  Orbital Command, Marine x2  
  181  16:01  Marauder  
  183  16:11  Marine  
  184  16:13  Ghost  
  184  16:18  Ghost  
  180  16:30  Marauder  
  144  16:37  Widow Mine  
  123  16:41  Marine x2  
  123  16:42  Marauder  
  123  16:47  Marauder  
  123  16:48  Widow Mine  
  123  16:50  Marine x2  
  123  16:51  Marauder  
  123  16:53  SCV x4  
  137  16:58  Barracks  
  137  16:59  Barracks x2  
Tags
 
Add a new tag
Caveats
  • Supply blocks, unpowered buildings, or Contaminate may cause inaccurate times.
  • Supply counts are checked every 10 seconds.